 Dungeon Crawl Stone Soup version 0.29.0-4-gdea44cf6ec (webtiles) character file.

Game seed: 2834001453895161761

1339 qw the Shield-Bearer (level 8, 0/45 HPs)
             Began as a Tengu Warper on Aug 28, 2022.
             Slain by an ogre
             ... wielding a +0 giant spiked club
              (27 damage)
             ... on level 6 of the Dungeon.
             The game lasted 00:00:37 (5358 turns).

qw the Shield-Bearer (Tengu Warper)                 Turns: 5358, Time: 00:00:37

Health: 0/45       AC: 17    Str: 12 (13) XL:     8   Next: 61%
Magic:  12/12      EV:  1    Int: 12 (14) God:
Gold:   282        SH: 14    Dex: 12 (14) Spells: 11/11 levels left

rFire   . . .      SeeInvis .   o - +3 war axe (vamp)
rCold   . . .      Faith    .   f - +0 tower shield
rNeg    . . .      Spirit   .   g - +0 plate armour
rPois   .          Reflect  .   (helmet restricted)
rElec   .          Harm     .   b - +0 cloak
rCorr   .          Rampage  .   (no gloves)
Will    .....                   (boots unavailable)
Stlth   ..........              (no amulet)
HPRegen 0.15/turn               i - +4 ring of slaying {mikee}
MPRegen 0.13/turn               r - +4 ring of protection

@: flying quickly and evasively, quick
A: beak, talons 3, nimble flight
a: no special abilities


You were on level 6 of the Dungeon.
You visited 1 branch of the dungeon, and saw 6 of its levels.

You collected 282 gold pieces.


Innate Abilities, Weirdness & Mutations

You have a beak for a mouth.
You have claws for feet.
Your magical nature lets you fly swiftly and evasively.


   Skills:
 + Level 2.5 Fighting
 - Level 7.0 Axes
 - Level 1.0 Throwing
 - Level 4.1 Armour
 - Level 2.1 Dodging
 - Level 7.0 Shields
 - Level 2.0 Spellcasting
 - Level 2.4 Translocations


You had 11 spell levels left.
You didn't know any spells.
Your spell library contained the following spells:

 Spells                   Type           Power      Damage    Failure   Level
 Blink                    Tloc           12%        N/A       100%        2
 Gell's Gravitas          Tloc           6%         N/A       100%        3
 Lesser Beckoning         Tloc           6%         N/A       100%        3
 Teleport Other           Tloc           6%         N/A       100%        3
 Manifold Assault         Tloc           6%         N/A       100%        5

Inventory:

Hand Weapons
 a - a +4 hand axe of flaming
 o - a +3 vampiric war axe (weapon)
Missiles
 k - 4 boomerangs (quivered)
Armour
 b - a +0 cloak (worn)
 f - a +0 tower shield (worn)
 g - a +0 plate armour (worn)
Jewellery
 i - a +4 ring of slaying (left hand) {mikee}
 l - an amulet of faith
 r - a +4 ring of protection (right hand)
Scrolls
 h - 5 scrolls of teleportation
 t - a scroll of identify
Potions
 c - a potion of might {unknown}
 d - a potion of flight {unknown}
 e - a potion of heal wounds {unknown}
 j - 3 potions of curing
 p - a potion of resistance {unknown}
 q - a potion of lignification {unknown}
 v - a potion of cancellation

Dungeon Overview and Level Annotations

Branches:
Dungeon (6/15)
 Temple: D:4-7

Altars:
Dithmenos
Sif Muna
Uskayaw
Wu Jian
Yredelemnul
The Shining One

Annotations:
D:6 1 runed translucent door, Crazy Yiuf


Message History

Your kick misses the killer bee.
The killer bee is moderately wounded.
You block the killer bee's attack. x2; The killer bee completely misses you.
You slash the killer bee!
You feel better.
The killer bee is almost dead.
The killer bee stings you. You block the killer bee's attack.
The killer bee stings you but does no damage.
You closely miss the killer bee. Your kick misses the killer bee.
The killer bee is almost dead.
The killer bee stings you.
The killer bee stings you but does no damage.
A killer bee comes into view.
The killer bee stings you but does no damage.
You barely miss the killer bee.
The killer bee buzzes angrily.
Your peck misses the killer bee.
The killer bee is almost dead.
The killer bee stings you.
You are poisoned.
The killer bee poisons you!
The killer bee stings you but does no damage.
You block the killer bee's attack.
You miss the killer bee. Your kick misses the killer bee.
The killer bee is almost dead.
You feel sick. You block the killer bee's attack. x3
You slash the killer bee!
You kill the killer bee!
You feel sick.
You barely miss the ogre. Your kick misses the ogre.
You feel sick. The ogre hits you but does no damage.
You barely miss the ogre. You claw the ogre!
The ogre is moderately wounded.
You feel sick.
You are no longer poisoned.
You block the ogre's attack.
You slash the ogre!
The ogre is heavily wounded.
The ogre hits you with a +0 giant spiked club!!
Ouch! That really hurt!
You die...

#....#
#########....#####
.................#
.##...##########.#
..###.....# #.#
..#.......# #.#
..........# #.#
.#........# #.#
.#.......... #@#
.#.....####......Oyy....
###.)### ######.#####.#
##)###### #.# #......###
#.# ######...# #.#
########.####.#
#...........#.#
#........)..#.##


You could see an ogre and 2 killer bees.

Vanquished Creatures
  Menkaure (D:4)
  An orc warrior (D:6)
  A black bear (D:6)
  An ice beast (D:5)
  A centaur (D:5)
  2 scorpions
  A killer bee (D:6)
  A crimson imp (D:5)
  A hound (D:5)
  3 jellies
  4 orc priests
  2 iguanas
  Terence (D:3)
  4 orc wizards
  Robin (D:4)
  8 adders
  2 white imps (D:5)
  An ufetubus (D:5)
  An adder zombie (D:2)
  An adder skeleton (D:2)
  4 dart slugs
  2 worms
  27 orcs
  4 ball pythons
  4 endoplasms
  2 giant cockroaches (D:1)
  12 goblins
  8 hobgoblins
  10 jackals
  6 kobolds
  2 quokkas
  6 bats
  A frilled lizard (D:2)
  A quokka skeleton (D:2)
  7 rats
134 creatures vanquished.

Vanquished Creatures (others)
  A withered plant (D:2)
1 creature vanquished.

Grand Total: 135 creatures vanquished

Notes
Turn   | Place    | Note
-------+----------+-------------------------------------------
     0 | D:1      | qw the Tengu Warper began the quest for the Orb.
     0 | D:1      | Reached XP level 1. HP: 12/12 MP: 4/4
     0 | D:1      | 0 ||| qw: Version: 0.1-a-89-g26bdef1
     0 | D:1      | 0 ||| qw: Game counter: 611
     0 | D:1      | 0 ||| qw: Always use a shield: true
     0 | D:1      | 0 ||| qw: God list: Okawaru
     0 | D:1      | 0 ||| qw: Allow faded altars: false
     0 | D:1      | 0 ||| qw: Do Orc after D:15 true
     0 | D:1      | 0 ||| qw: Do second Lair branch before Depths: true
     0 | D:1      | 0 ||| qw: Lair rune preference: random
     0 | D:1      | 0 ||| qw: Plans: Normal
     0 | D:1      | 0 ||| PLANNING D:1-11
    85 | D:1      | Reached XP level 2. HP: 13/17 MP: 6/6
   171 | D:1      | Reached skill level 3 in Axes
   564 | D:1      | 564 ||| Stepping ~*~*~tactically~*~*~ (hiding).
   666 | D:1      | 666 ||| Stepping ~*~*~tactically~*~*~ (hiding).
   753 | D:1      | 753 ||| Stepping ~*~*~tactically~*~*~ (stealth).
   755 | D:1      | 755 ||| Stepping ~*~*~tactically~*~*~ (stealth).
   791 | D:1      | Reached XP level 3. HP: 21/21 MP: 7/7
   861 | D:1      | 861 ||| UPGRADING to +0 plate armour.
   871 | D:1      | 871 ||| DROPPING +0 leather armour.
   872 | D:1      | 872 ||| UPGRADING to +4 ring of slaying {mikee}.
   873 | D:1      | 873 ||| READING scroll labelled UKECLU ECZANK.
   874 | D:1      | 874 ||| READING scroll labelled BIDWOUNNOBB.
   875 | D:1      | 875 ||| READING 5 scrolls labelled CIOCLIOFEPT.
   880 | D:1      | 880 ||| READING scroll labelled BEUFFI TUGUO.
   881 | D:1      | 881 ||| READING scroll labelled DUHETI MOUSHRI.
   882 | D:1      | 882 ||| DRINKING 2 inky potions.
   883 | D:1      | 883 ||| DROPPING scroll of blinking.
   912 | D:2      | 912 ||| Stepping ~*~*~tactically~*~*~ (stealth).
  1203 | D:2      | 1203 ||| FLEEEEING.
  1204 | D:2      | 1204 ||| FLEEEEING.
  1205 | D:2      | 1205 ||| FLEEEEING.
  1206 | D:2      | 1206 ||| FLEEEEING.
  1207 | D:2      | 1207 ||| STAIRDANCE
  1262 | D:2      | Reached XP level 4. HP: 26/26 MP: 8/8
  1265 | D:2      | 1265 ||| DROPPING +0 club.
  1383 | D:2      | 1383 ||| READING scroll of enchant weapon.
  1383 | D:2      | 1383 ||| ENCHANTING +1 hand axe.
  1603 | D:2      | 1603 ||| UPGRADING to +0 cloak.
  1608 | D:2      | 1608 ||| READING scroll labelled HURPHU MUGUDGHATWEKU.
  1609 | D:2      | 1609 ||| READING 4 scrolls of teleportation.
  1651 | D:3      | 1651 ||| Stepping ~*~*~tactically~*~*~ (stealth).
  1742 | D:3      | Found a basalt altar of Yredelemnul.
  1895 | D:3      | Found an ornate altar of the Wu Jian Council.
  1905 | D:3      | 1905 ||| Stepping ~*~*~tactically~*~*~ (hiding).
  1906 | D:3      | 1906 ||| Stepping ~*~*~tactically~*~*~ (hiding).
  1996 | D:3      | 1996 ||| SWAPPING to +0 war axe.
  1997 | D:3      | 1997 ||| DROPPING +2 hand axe.
  2010 | D:3      | Gained mutation: Your magical nature lets you fly swiftly
                  | and evasively. [Tengu growth]
  2010 | D:3      | Reached XP level 5. HP: 30/30 MP: 9/9
  2029 | D:3      | 2029 ||| SWAPPING to +2 war axe of venom.
  2030 | D:3      | 2030 ||| DROPPING +0 war axe.
  2069 | D:3      | Noticed Terence
  2073 | D:3      | Killed Terence
  2074 | D:3      | 2074 ||| Stepping ~*~*~tactically~*~*~ (stealth).
  2076 | D:3      | 2076 ||| Stepping ~*~*~tactically~*~*~ (hiding).
  2089 | D:3      | Reached skill level 6 in Axes
  2094 | D:3      | 2094 ||| DROPPING +0 whip.
  2587 | D:3      | 2587 ||| Stepping ~*~*~tactically~*~*~ (stealth).
  2679 | D:3      | 2679 ||| READING scroll labelled AXUXKE SOSMIXT.
  2680 | D:3      | 2680 ||| READING scroll labelled BUYSOI TATRABB.
  2681 | D:3      | 2681 ||| DRINKING 2 fuming sapphire potions.
  2682 | D:3      | 2682 ||| DROPPING potion of invisibility.
  2737 | D:4      | Noticed Menkaure
  2743 | D:4      | HP: 6/30 [Menkaure/nerve-wracking pain (4)]
  2744 | D:4      | 2744 ||| READING 4 scrolls of teleportation.
  2745 | D:4      | Killed Menkaure
  2746 | D:4      | Reached XP level 6. HP: 7/35 MP: 10/10
  3106 | D:4      | 3106 ||| Stepping ~*~*~tactically~*~*~ (stealth).
  3122 | D:4      | Found a glowing golden altar of the Shining One.
  3122 | D:4      | Found a shimmering blue altar of Sif Muna.
  3124 | D:4      | 3124 ||| Stepping ~*~*~tactically~*~*~ (stealth).
  3125 | D:4      | 3125 ||| Stepping ~*~*~tactically~*~*~ (stealth).
  3126 | D:4      | 3126 ||| Stepping ~*~*~tactically~*~*~ (stealth).
  3127 | D:4      | 3127 ||| Stepping ~*~*~tactically~*~*~ (stealth).
  3130 | D:4      | 3130 ||| Stepping ~*~*~tactically~*~*~ (stealth).
  3131 | D:4      | 3131 ||| Stepping ~*~*~tactically~*~*~ (stealth).
  3363 | D:4      | 3363 ||| Stepping ~*~*~tactically~*~*~ (hiding).
  3368 | D:4      | Noticed Robin
  3371 | D:4      | Reached XP level 7. HP: 39/40 MP: 11/11
  3371 | D:4      | 3371 ||| Stepping ~*~*~tactically~*~*~ (hiding).
  3377 | D:4      | Killed Robin
  3381 | D:4      | 3381 ||| FLEEEEING.
  3382 | D:4      | 3382 ||| FLEEEEING.
  3383 | D:4      | 3383 ||| FLEEEEING.
  3384 | D:4      | 3384 ||| FLEEEEING.
  3385 | D:4      | 3385 ||| FLEEEEING.
  3386 | D:4      | 3386 ||| FLEEEEING.
  3387 | D:4      | 3387 ||| FLEEEEING.
  3388 | D:4      | 3388 ||| FLEEEEING.
  3389 | D:4      | 3389 ||| FLEEEEING.
  3390 | D:4      | 3390 ||| FLEEEEING.
  3391 | D:4      | 3391 ||| FLEEEEING.
  3392 | D:4      | 3392 ||| FLEEEEING.
  3393 | D:4      | 3393 ||| FLEEEEING.
  3394 | D:4      | 3394 ||| FLEEEEING.
  3395 | D:4      | 3395 ||| FLEEEEING.
  3396 | D:4      | 3396 ||| FLEEEEING.
  3397 | D:4      | 3397 ||| FLEEEEING.
  3398 | D:4      | 3398 ||| FLEEEEING.
  3399 | D:4      | 3399 ||| FLEEEEING.
  3402 | D:4      | 3402 ||| STAIRDANCE
  3450 | D:3      | 3450 ||| UPGRADING to +0 tower shield.
  3634 | D:4      | Reached skill level 1 in Shields
  3721 | D:5      | Entered Level 5 of the Dungeon
  3723 | D:5      | 3723 ||| Stepping ~*~*~tactically~*~*~ (hiding).
  3725 | D:5      | 3725 ||| Stepping ~*~*~tactically~*~*~ (hiding).
  3727 | D:5      | 3727 ||| STAIRDANCE
  3881 | D:5      | Reached skill level 3 in Shields
  4066 | D:5      | 4066 ||| SWAPPING to +2 vampiric war axe.
  4067 | D:5      | 4067 ||| DROPPING +2 war axe of venom.
  4102 | D:5      | 4102 ||| Stepping ~*~*~tactically~*~*~ (hiding).
  4103 | D:5      | 4103 ||| Stepping ~*~*~tactically~*~*~ (hiding).
  4119 | D:5      | 4119 ||| FLEEEEING.
  4196 | D:5      | Found a hide-covered altar of Uskayaw.
  4347 | D:5      | 4347 ||| FLEEEEING.
  4348 | D:5      | 4348 ||| FLEEEEING.
  4349 | D:5      | 4349 ||| FLEEEEING.
  4350 | D:5      | 4350 ||| FLEEEEING.
  4351 | D:5      | 4351 ||| FLEEEEING.
  4365 | D:5      | 4365 ||| Stepping ~*~*~tactically~*~*~ (hiding).
  4459 | D:5      | Reached XP level 8. HP: 44/44 MP: 12/12
  4651 | D:5      | 4651 ||| DROPPING ring of ice.
  4652 | D:5      | 4652 ||| UPGRADING to +4 ring of protection.
  4653 | D:5      | 4653 ||| DROPPING +6 ring of intelligence.
  4654 | D:5      | 4654 ||| READING 2 scrolls labelled GIERECH WASYPPIROL.
  4655 | D:5      | 4655 ||| READING scroll labelled KUNNURCH ENOU.
  4656 | D:5      | 4656 ||| READING scroll labelled XYOMUCOCOM.
  4757 | D:5      | 4757 ||| DRINKING 2 pink potions.
  4758 | D:5      | 4758 ||| DRINKING 2 grey potions.
  4759 | D:5      | 4759 ||| DROPPING potion of degeneration.
  4798 | D:6      | 4798 ||| Stepping ~*~*~tactically~*~*~ (hiding).
  4804 | D:6      | Reached skill level 6 in Shields
  4907 | D:6      | 4907 ||| DROPPING +0 flail.
  5173 | D:6      | Found a runed translucent door.
  5174 | D:6      | Identified the +9 hammer of Baogeesu {vorpal, rN+ Dex+7}
  5174 | D:6      | Noticed Crazy Yiuf
  5220 | D:6      | 5220 ||| DRINKING 4 potions of curing.
  5220 | D:6      | 5220 ||| (to cure confusion)
  5243 | D:6      | Identified the +9 trident of Irrepressible Laughter {pain,
                  | Str+6 Int-4}
  5259 | D:6      | Found a shadowy altar of Dithmenos.
  5262 | D:6      | 5262 ||| READING scroll of enchant weapon.
  5262 | D:6      | 5262 ||| ENCHANTING +2 vampiric war axe.
  5358 | D:6      | Slain by an ogre

Levels and vault maps discovered:
D:1:      ncdulo_halloftheorcs, layout_basic
D:2:      layout_rooms, serial_undead, serial_undead_c, serial_undead_a,
          serial_undead_b, serial_undead_d, serial_undead_b, serial_undead_a
D:3:      layout_basic, nzn_wu_jian_contemplation, mainiacjoe_overflow_alcove_4,
          uniq_terence
D:4:      layout_loops_ring, nicolae_overflow_squiral, uniq_robin, uniq_menkaure
D:5:      layout_rooms, mainiacjoe_overflow_cross_hatched,
          minmay_fire_ice_demons
D:6:      layout_basic, nicolae_overflow_hidden_temple, abandoned_shop,
          nicolae_eternal_life, uniq_crazy_yiuf_cottage

Skill      XL: |  1  2  3  4  5  6  7  8 |
---------------+-------------------------+-----
Axes           | 3 4 5 6 7 |  7.0
Armour         | 2 4 |  4.1
Shields        | 5 7 |  7.0
Fighting       | |  2.5
Throwing       | |  1.0
Dodging        | |  2.1
Spellcasting   | |  2.0
Translocations | |  2.4

Action                   |  1- 3 |  4- 6 |  7- 9 || total
-------------------------+-------+-------+-------++-------
Melee: Hand axe          |    78 |    46 |       ||   124
       Kick              |    14 |    17 |    30 ||    61
       Peck              |     9 |    12 |    13 ||    34
       War axe           |       |    36 |   106 ||   142
Throw: Boomerang         |     7 |    21 |    30 ||    58
  Use: Scroll            |     5 |     6 |     4 ||    15
       Potion            |     1 |     1 |     3 ||     5
Armor: Leather armour    |    21 |       |       ||    21
       Plate armour      |    17 |    41 |    67 ||   125
Dodge: Dodged            |    29 |    10 |     3 ||    42
Block: Tower shield      |       |       |    71 ||    71

Table legend:
 A = Non-vault XP
 B = Vault XP
 C = Vault XP percentage of total XP
 D = Non-vault monster count
 E = Vault monster count
 F = Vault count percentage of total count
                 A         B        C        D         E       F
            +---------+---------+-------+---------+---------+-------
      Total |    1607 |     307 |  16.0 |     119 |      15 |  11.2
            +---------+---------+-------+---------+---------+-------
        D:1 |      35 |       0 |   0.0 |      18 |       0 |   0.0
        D:2 |      49 |      12 |  19.7 |      21 |       3 |  12.5
        D:3 |     143 |      36 |  20.1 |      31 |       1 |   3.1
        D:4 |     261 |     201 |  43.5 |      18 |       9 |  33.3
        D:5 |     514 |      58 |  10.1 |      10 |       2 |  16.7
        D:6 |     605 |       0 |   0.0 |      21 |       0 |   0.0
            +---------+---------+-------+---------+---------+-------
